AoeStats
← MattAtArms

Arabia

507476265Analyzed
1v1 RM · 14d ago on Sep 18, 2026· 22m 23s· 2 players
Game mode
Random Map
Map size
Tiny (2 player)
Population
200
Speed
Normal
Resources
Standard
Victory
Conquest
Starting age
Dark Age
Ending age
Imperial Age
RankedLock teamsTeams togetherTeam positionsShared explorationLock speedFull tech treeHidden civsTurbo modeCheats
Victory
Defeat
🇬🇧 Chinese · United Kingdom
1865
+14
🇫🇮 Byzantines · Finland
1812
-14
Sheep
6:19 Loom
9:08 Feudal Age
9:58 Double-Bit Axe
16:27 Wheelbarrow
18:20 Fletching
19:57 Padded Archer Armor
22:10 Castle Age
20:32 Padded Archer Armor
22:48 Bodkin Arrow
MattAtArms
0:25 Loom
8:56 Feudal Age
9:34 Double-Bit Axe
9:38 Man-at-Arms
18:57 Castle Age
17:09 Fletching
18:06 Padded Archer Armor
17:58 Gold Mining
17:59 Horse Collar
19:39 Bodkin Arrow
19:53 Crossbowman
21:53 Ballistics
Connection lost

Rejoining the realm…

Still unreachable

The connection could not be restored.

Session expired

The server has moved on; the page needs a fresh start.